Avalanche vs Oilers

Created - October 22 2011 at 10:21

Goals
1 2 3 T
Avalanche 0 0 0 0
Oilers 1 1 0 2
Shots
1 2 3 T
Avalanche 15 14 13 42
Oilers 2 5 16 23

Period #1

1. Oilers , Michal Handzus 1 (Scott Hannan, Steve Sullivan) at 4:27

Penalties :
Roman Hamrlik (EDM) for Holding (Minor) at 9:25, Todd Marchant (EDM) for Hooking (Minor) at 13:15, Roman Hamrlik (EDM) for Tripping (Minor) at 14:57

Period #2

2. Oilers , Scott Nichol 2 (Chris Phillips) at 18:59

Penalties :
Dany Heatley (EDM) for Cross-checking (Minor) at 0:56, Olli Jokinen (COL) for Hooking (Minor) at 0:56, Adrian Aucoin (EDM) for Hooking (Minor) at 0:59, Scott Hannan (EDM) for Holding (Minor) at 10:57, Justin Abdelkader (COL) for Hooking (Minor) at 15:59

Period #3

No Goal

Penalties :
Adrian Aucoin (EDM) for Cross-checking (Minor) at 3:08, Tomas Kopecky (COL) for Tripping (Minor) at 6:49, Vinny Prospal (COL) for Hooking (Minor) at 8:58, Justin Abdelkader (COL) for Hooking (Minor) at 12:36, Scott Hannan (EDM) for Roughing (Minor) at 14:43, Chris Phillips (EDM) for High sticking (Minor) at 18:52, Olli Jokinen (COL) for Holding (Minor) at 18:59

Goalie Stats

Semyon Varlamov (COL), 21 saves from 23 shots - (0.913), L, 0-3-0, 60:00 minutes
Kari Lehtonen (EDM), 42 saves from 42 shots - (1.000), W, 1-4-2, 60:00 minutes

Players Stats

Avalanche
Player Name              G  A  P  +/- PIM S  H  SB FO    MP 
------------------------------------------------------------
Bryan Bickell            0  0  0   0  0   0  0  0  0/0   7  
Daniel Briere            0  0  0   0  0   8  1  0  15/21 17 
Derek Stepan             0  0  0   0  0   3  0  0  10/23 15 
Jason Demers             0  0  0  -2  0   1  2  0  0/0   19 
John Carlson             0  0  0  -1  0   1  1  0  0/0   20 
Justin Abdelkader        0  0  0   0  4   1  2  0  1/2   11 
Kevin Klein              0  0  0   0  0   0  2  0  0/0   21 
Kevin Shattenkirk        0  0  0  -1  0   2  0  2  0/0   21 
Michael Del Zotto        0  0  0   0  0   3  1  0  0/0   19 
Michael Sauer            0  0  0   0  0   0  2  0  0/0   19 
Mike Knuble              0  0  0   0  0   5  1  0  2/2   19 
Milan Hejduk             0  0  0  -2  0   4  1  0  0/4   19 
Olli Jokinen             0  0  0  -2  4   5  0  0  12/28 17 
Shawn Horcoff            0  0  0   0  0   1  0  0  4/4   7  
T.J. Oshie               0  0  0   0  0   5  3  0  1/3   17 
Teemu Selanne            0  0  0   0  0   2  0  0  1/5   19 
Tomas Kopecky            0  0  0   0  2   0  0  0  0/0   11 
Vinny Prospal            0  0  0  -2  2   1  3  0  1/2   12 
Oilers
Player Name              G  A  P  +/- PIM S  H  SB FO    MP 
------------------------------------------------------------
Adam Burish              0  0  0   0  0   0  1  0  0/0   2  
Adrian Aucoin            0  0  0   0  4   2  1  2  0/0   20 
Andrew Ladd              0  0  0   0  0   3  0  0  0/0   16 
Brent Sopel              0  0  0   1  0   0  0  1  0/0   13 
Chris Phillips           0  1  1   1  2   1  1  1  0/0   23 
Dany Heatley             0  0  0   1  2   4  1  0  0/2   18 
Derek Roy                0  0  0   0  0   3  0  0  10/22 16 
Fernando Pisani          0  0  0   1  0   0  0  0  1/1   12 
Jochen Hecht             0  0  0   0  0   0  1  0  0/1   17 
Karlis Skrastins         0  0  0   0  0   0  0  5  0/0   21 
Michal Handzus           1  0  1   1  0   3  0  1  9/20  19 
Radek Dvorak             0  0  0   1  0   0  0  0  1/2   9  
Roman Hamrlik            0  0  0   1  4   2  2  1  0/0   23 
Scott Hannan             0  1  1   1  4   0  1  2  0/0   17 
Scott Nichol             1  0  1   1  0   1  2  0  11/21 9  
Stephen Weiss            0  0  0   0  0   2  3  1  14/22 18 
Steve Sullivan           0  1  1   1  0   2  1  0  0/0   12 
Todd Marchant            0  0  0   0  2   0  2  0  1/3   17 

3 Stars

1 - Kari Lehtonen (EDM)
2 - Scott Nichol (EDM)
3 - Michal Handzus (EDM)

Power Play

Avalanche - 0 on 8 Attempt(s) - 0.00%
Oilers - 0 on 5 Attempt(s) - 0.00%

Penalty Kill

Avalanche - 5 on 5 Attempt(s) - 100.00% - Score 0 goal in Penalty Kill
Oilers - 8 on 8 Attempt(s) - 100.00% - Score 0 goal in Penalty Kill

Game Notes

No Game Note

Finance

Level 1 -- Attendance: 5198 (79.97%) -- Ticket Income $483,414.00
Level 2 -- Attendance: 4720 (94.40%) -- Ticket Income $221,840.00
Level 3 -- Attendance: 3452 (98.63%) -- Ticket Income $117,368.00
Level 4 -- Attendance: 839 (100.00%) -- Ticket Income $17,619.00
Luxury Box -- Attendance: 818 (81.80%) -- Ticket Income $158,692.00
Game was played at the Rexall Place
Total Attendance: 15027 (89.24%)
Total Ticket Income: $1,021,994.00
Other Income: $221,315.10
Total Income: $1,243,309.00


Play by Play

Period #1

0:01 of 1st period - Daniel Briere wins face-off versus Derek Roy in neutral zone.
0:20 of 1st period - Shot by Daniel Briere.
0:20 of 1st period - Stopped by Kari Lehtonen without a rebound.
0:21 of 1st period - Stephen Weiss wins face-off versus Olli Jokinen in Oilers zone.
0:23 of 1st period - Adrian Aucoin is hit by Milan Hejduk and loses puck.
0:51 of 1st period - Shot by Milan Hejduk.
0:51 of 1st period - Stopped by Kari Lehtonen without a rebound.
0:52 of 1st period - Daniel Briere wins face-off versus Derek Roy in Oilers zone.
1:15 of 1st period - Shot by T.J. Oshie.
1:15 of 1st period - Stopped by Kari Lehtonen without a rebound.
1:16 of 1st period - Mike Knuble wins face-off versus Michal Handzus in Oilers zone.
1:39 of 1st period - Justin Abdelkader is hit by Steve Sullivan and loses puck.
1:53 of 1st period - Off-side.
1:54 of 1st period - Daniel Briere wins face-off versus Derek Roy in neutral zone.
2:54 of 1st period - Jochen Hecht is hit by T.J. Oshie and loses puck.
3:19 of 1st period - Shot by Milan Hejduk.
3:19 of 1st period - Shot Misses the Net.
3:43 of 1st period - Karlis Skrastins is hit by Vinny Prospal and loses puck.
4:23 of 1st period - Shot by Steve Sullivan.
4:23 of 1st period - Shot Misses the Net.
4:27 of 1st period - Shot by Michal Handzus.
4:27 of 1st period - Goal by Michal Handzus - Avalanche : 0 - Oilers : 1.
4:28 of 1st period - Derek Stepan wins face-off versus Scott Nichol in neutral zone.
4:52 of 1st period - Shot by Michael Del Zotto.
4:52 of 1st period - Stopped by Kari Lehtonen with a rebound.
4:56 of 1st period - Shot by Derek Stepan.
4:56 of 1st period - Stopped by Kari Lehtonen with a rebound.
4:58 of 1st period - Shot by Derek Stepan.
4:58 of 1st period - Shot Blocked by Chris Phillips.
5:03 of 1st period - Justin Abdelkader is hit by Chris Phillips and loses puck.
5:08 of 1st period - Shot by Mike Knuble.
5:08 of 1st period - Stopped by Kari Lehtonen without a rebound.
5:09 of 1st period - Shawn Horcoff wins face-off versus Michal Handzus in Oilers zone.
6:07 of 1st period - Shot by Andrew Ladd.
6:07 of 1st period - Shot Misses the Net.
6:11 of 1st period - Shot by Stephen Weiss.
6:11 of 1st period - Shot Misses the Net.
6:55 of 1st period - Icing by Dany Heatley.
6:56 of 1st period - Derek Roy wins face-off versus Olli Jokinen in Oilers zone.
7:14 of 1st period - Jason Demers is hit by Jochen Hecht and loses puck.
8:16 of 1st period - Off-side.
8:17 of 1st period - Shawn Horcoff wins face-off versus Stephen Weiss in neutral zone.
8:40 of 1st period - Shot by Stephen Weiss.
8:40 of 1st period - Shot Misses the Net.
8:44 of 1st period - Shot by Andrew Ladd.
8:44 of 1st period - Stopped by Semyon Varlamov with a rebound.
8:46 of 1st period - Shot by Andrew Ladd.
8:46 of 1st period - Shot Misses the Net.
9:25 of 1st period - Minor Penalty to Roman Hamrlik for Holding.
9:26 of 1st period - Olli Jokinen wins face-off versus Michal Handzus in Oilers zone.
9:27 of 1st period - Shot by John Carlson.
9:27 of 1st period - Deflect By Milan Hejduk.
9:27 of 1st period - Shot Misses the Net.
9:29 of 1st period - Shot by Olli Jokinen.
9:29 of 1st period - Shot Blocked by Karlis Skrastins.
9:31 of 1st period - Shot by John Carlson.
9:31 of 1st period - Stopped by Kari Lehtonen without a rebound.
9:32 of 1st period - Scott Nichol wins face-off versus Daniel Briere in Oilers zone.
9:51 of 1st period - Shot by Daniel Briere.
9:51 of 1st period - Stopped by Kari Lehtonen without a rebound.
9:52 of 1st period - Radek Dvorak wins face-off versus Olli Jokinen in Oilers zone.
11:25 of 1st period - Shot by Teemu Selanne.
11:25 of 1st period - Shot Misses the Net.
11:49 of 1st period - Shot by Tomas Kopecky.
11:49 of 1st period - Shot Misses the Net.
12:47 of 1st period - Derek Roy is hit by Michael Sauer and loses puck.
13:15 of 1st period - Minor Penalty to Todd Marchant for Hooking.
13:16 of 1st period - Michal Handzus wins face-off versus Olli Jokinen in Oilers zone.
13:23 of 1st period - Shot by Milan Hejduk.
13:23 of 1st period - Stopped by Kari Lehtonen without a rebound.
13:24 of 1st period - Daniel Briere wins face-off versus Michal Handzus in Oilers zone.
13:33 of 1st period - Shot by Kevin Shattenkirk.
13:33 of 1st period - Shot Blocked by Adrian Aucoin.
13:35 of 1st period - Shot by Kevin Shattenkirk.
13:35 of 1st period - Stopped by Kari Lehtonen without a rebound.
13:36 of 1st period - Olli Jokinen wins face-off versus Scott Nichol in Oilers zone.
14:42 of 1st period - Shot by T.J. Oshie.
14:42 of 1st period - Stopped by Kari Lehtonen without a rebound.
14:43 of 1st period - Scott Nichol wins face-off versus Daniel Briere in Oilers zone.
14:57 of 1st period - Minor Penalty to Roman Hamrlik for Tripping.
14:58 of 1st period - Stephen Weiss wins face-off versus Daniel Briere in Oilers zone.
14:58 of 1st period - Stephen Weiss is hit by T.J. Oshie.
15:08 of 1st period - Shot by Daniel Briere.
15:08 of 1st period - Shot Blocked by Scott Hannan.
16:03 of 1st period - Shot by Olli Jokinen.
16:03 of 1st period - Shot Misses the Net.
16:05 of 1st period - Shot by John Carlson.
16:05 of 1st period - Shot Misses the Net.
16:07 of 1st period - Shot by Olli Jokinen.
16:07 of 1st period - Stopped by Kari Lehtonen with a rebound.
16:43 of 1st period - Shot by Daniel Briere.
16:43 of 1st period - Stopped by Kari Lehtonen without a rebound.
16:44 of 1st period - Olli Jokinen wins face-off versus Radek Dvorak in Oilers zone.
16:45 of 1st period - Shot by Teemu Selanne.
16:45 of 1st period - Stopped by Kari Lehtonen without a rebound.
16:46 of 1st period - Olli Jokinen wins face-off versus Stephen Weiss in Oilers zone.
17:06 of 1st period - Icing by Roman Hamrlik.
17:07 of 1st period - Derek Stepan wins face-off versus Derek Roy in Oilers zone.
17:07 of 1st period - Derek Stepan is hit by Roman Hamrlik.
18:25 of 1st period - Icing by Kevin Shattenkirk.
18:26 of 1st period - Shawn Horcoff wins face-off versus Todd Marchant in Avalanche zone.
18:33 of 1st period - Shot by Shawn Horcoff.
18:33 of 1st period - Stopped by Kari Lehtonen without a rebound.
18:34 of 1st period - Olli Jokinen wins face-off versus Todd Marchant in Oilers zone.
19:02 of 1st period - Shot by Milan Hejduk.
19:02 of 1st period - Shot Blocked by Adrian Aucoin.
19:04 of 1st period - Shot by Vinny Prospal.
19:04 of 1st period - Shot Misses the Net.
19:08 of 1st period - Shot by Milan Hejduk.
19:08 of 1st period - Shot Blocked by Karlis Skrastins.
19:41 of 1st period - Shot by Derek Roy.
19:41 of 1st period - Shot Misses the Net.
19:43 of 1st period - Shot by Jochen Hecht.
19:43 of 1st period - Shot Misses the Net.
19:45 of 1st period - Shot by Jochen Hecht.
19:45 of 1st period - Shot Misses the Net.
19:47 of 1st period - Shot by Chris Phillips.
19:47 of 1st period - Shot Misses the Net.
19:49 of 1st period - Shot by Dany Heatley.
19:49 of 1st period - Shot Blocked by Kevin Shattenkirk.

Period #2

0:01 of 2nd period - Daniel Briere wins face-off versus Derek Roy in neutral zone.
0:54 of 2nd period - Roman Hamrlik is hit by Vinny Prospal and loses puck.
0:56 of 2nd period - Minor Penalty to Dany Heatley for Cross-checking.
0:56 of 2nd period - Minor Penalty to Olli Jokinen for Hooking.
0:57 of 2nd period - T.J. Oshie wins face-off versus Stephen Weiss in neutral zone.
0:59 of 2nd period - Minor Penalty to Adrian Aucoin for Hooking.
1:00 of 2nd period - Michal Handzus wins face-off versus Milan Hejduk in Oilers zone.
1:11 of 2nd period - Shot by T.J. Oshie.
1:11 of 2nd period - Stopped by Kari Lehtonen without a rebound.
1:12 of 2nd period - Stephen Weiss wins face-off versus Milan Hejduk in Oilers zone.
1:35 of 2nd period - T.J. Oshie is hit by Stephen Weiss and loses puck.
1:41 of 2nd period - Off-side.
1:42 of 2nd period - Michal Handzus wins face-off versus Teemu Selanne in neutral zone.
1:52 of 2nd period - Shot by Daniel Briere.
1:52 of 2nd period - Shot Blocked by Michal Handzus.
2:56 of 2nd period - Icing by Michael Sauer.
2:57 of 2nd period - Michal Handzus wins face-off versus Olli Jokinen in Avalanche zone.
3:03 of 2nd period - Justin Abdelkader is hit by Scott Hannan and loses puck.
3:50 of 2nd period - Icing by Brent Sopel.
3:51 of 2nd period - Fernando Pisani wins face-off versus Daniel Briere in Oilers zone.
4:20 of 2nd period - Icing by Stephen Weiss.
4:21 of 2nd period - Olli Jokinen wins face-off versus Stephen Weiss in Oilers zone.
4:29 of 2nd period - Icing by Adrian Aucoin.
4:30 of 2nd period - Stephen Weiss wins face-off versus Derek Stepan in Oilers zone.
4:30 of 2nd period - Stephen Weiss is hit by Justin Abdelkader.
5:13 of 2nd period - Shot by Dany Heatley.
5:13 of 2nd period - Stopped by Semyon Varlamov with a rebound.
5:29 of 2nd period - Shot by Derek Roy.
5:29 of 2nd period - Deflect By Dany Heatley.
5:29 of 2nd period - Shot Misses the Net.
5:32 of 2nd period - Icing by Jason Demers.
5:33 of 2nd period - Olli Jokinen wins face-off versus Scott Nichol in Avalanche zone.
6:38 of 2nd period - Steve Sullivan is hit by Kevin Klein and loses puck.
7:02 of 2nd period - Shot by Daniel Briere.
7:02 of 2nd period - Shot Misses the Net.
7:04 of 2nd period - Shot by Daniel Briere.
7:04 of 2nd period - Stopped by Kari Lehtonen without a rebound.
7:05 of 2nd period - Stephen Weiss wins face-off versus Derek Stepan in Oilers zone.
8:09 of 2nd period - Icing by Kevin Klein.
8:10 of 2nd period - Shawn Horcoff wins face-off versus Scott Nichol in Avalanche zone.
8:19 of 2nd period - Shot by Roman Hamrlik.
8:19 of 2nd period - Shot Blocked by Kevin Shattenkirk.
8:21 of 2nd period - Shot by Dany Heatley.
8:21 of 2nd period - Stopped by Semyon Varlamov with a rebound.
8:25 of 2nd period - Shot by Dany Heatley.
8:25 of 2nd period - Stopped by Semyon Varlamov without a rebound.
8:26 of 2nd period - Vinny Prospal wins face-off versus Michal Handzus in Avalanche zone.
8:37 of 2nd period - Shot by Milan Hejduk.
8:37 of 2nd period - Stopped by Kari Lehtonen without a rebound.
8:38 of 2nd period - Daniel Briere wins face-off versus Derek Roy in Oilers zone.
9:25 of 2nd period - Adrian Aucoin is hit by Daniel Briere and loses puck.
9:36 of 2nd period - John Carlson is hit by Stephen Weiss and loses puck.
10:13 of 2nd period - Shot by Vinny Prospal.
10:13 of 2nd period - Shot Misses the Net.
10:32 of 2nd period - Shot by Mike Knuble.
10:32 of 2nd period - Shot Blocked by Karlis Skrastins.
10:34 of 2nd period - Shot by Michael Del Zotto.
10:34 of 2nd period - Stopped by Kari Lehtonen without a rebound.
10:35 of 2nd period - Derek Stepan wins face-off versus Michal Handzus in Oilers zone.
10:40 of 2nd period - Shot by Mike Knuble.
10:40 of 2nd period - Shot Blocked by Scott Hannan.
10:42 of 2nd period - Shot by Michael Del Zotto.
10:42 of 2nd period - Shot Hit the Post.
10:50 of 2nd period - Shot by Derek Stepan.
10:50 of 2nd period - Shot Misses the Net.
10:57 of 2nd period - Minor Penalty to Scott Hannan for Holding.
10:58 of 2nd period - Scott Nichol wins face-off versus Daniel Briere in Oilers zone.
11:24 of 2nd period - Shot by Daniel Briere.
11:24 of 2nd period - Stopped by Kari Lehtonen without a rebound.
11:25 of 2nd period - Olli Jokinen wins face-off versus Scott Nichol in Oilers zone.
11:30 of 2nd period - Shot by Milan Hejduk.
11:30 of 2nd period - Deflect By Mike Knuble.
11:30 of 2nd period - Stopped by Kari Lehtonen with a rebound.
11:32 of 2nd period - Shot by Mike Knuble.
11:32 of 2nd period - Stopped by Kari Lehtonen without a rebound.
11:33 of 2nd period - Scott Nichol wins face-off versus Olli Jokinen in Oilers zone.
11:57 of 2nd period - Shot by Olli Jokinen.
11:57 of 2nd period - Stopped by Kari Lehtonen without a rebound.
11:58 of 2nd period - Michal Handzus wins face-off versus T.J. Oshie in Oilers zone.
12:04 of 2nd period - Icing by Jason Demers.
12:05 of 2nd period - Daniel Briere wins face-off versus Scott Nichol in Avalanche zone.
12:10 of 2nd period - Shot by Kevin Shattenkirk.
12:10 of 2nd period - Shot Misses the Net.
12:12 of 2nd period - Shot by Jason Demers.
12:12 of 2nd period - Stopped by Kari Lehtonen with a rebound.
12:14 of 2nd period - Shot by Daniel Briere.
12:14 of 2nd period - Stopped by Kari Lehtonen without a rebound.
12:15 of 2nd period - Olli Jokinen wins face-off versus Michal Handzus in Oilers zone.
12:30 of 2nd period - Shot by Michael Del Zotto.
12:30 of 2nd period - Shot Misses the Net.
12:32 of 2nd period - Shot by John Carlson.
12:32 of 2nd period - Deflect By Olli Jokinen.
12:32 of 2nd period - Stopped by Kari Lehtonen without a rebound.
12:33 of 2nd period - Daniel Briere wins face-off versus Scott Nichol in Oilers zone.
13:08 of 2nd period - Shot by Shawn Horcoff.
13:08 of 2nd period - Shot Blocked by Brent Sopel.
14:06 of 2nd period - Shot by Justin Abdelkader.
14:06 of 2nd period - Shot Hit the Post.
14:08 of 2nd period - Shot by Michael Del Zotto.
14:08 of 2nd period - Shot Misses the Net.
14:12 of 2nd period - Shot by Derek Stepan.
14:12 of 2nd period - Shot Misses the Net.
14:14 of 2nd period - Shot by Derek Stepan.
14:14 of 2nd period - Stopped by Kari Lehtonen with a rebound.
15:59 of 2nd period - Minor Penalty to Justin Abdelkader for Hooking.
16:00 of 2nd period - Derek Stepan wins face-off versus Derek Roy in Avalanche zone.
16:10 of 2nd period - Icing by Chris Phillips.
16:11 of 2nd period - Derek Roy wins face-off versus Milan Hejduk in Oilers zone.
16:11 of 2nd period - Derek Roy is hit by Mike Knuble.
16:19 of 2nd period - Shot by Dany Heatley.
16:19 of 2nd period - Shot Misses the Net.
16:21 of 2nd period - Shot by Roman Hamrlik.
16:21 of 2nd period - Stopped by Semyon Varlamov without a rebound.
16:22 of 2nd period - Stephen Weiss wins face-off versus Derek Stepan in Avalanche zone.
16:29 of 2nd period - Shot by Andrew Ladd.
16:29 of 2nd period - Shot Misses the Net.
16:49 of 2nd period - Shot by Andrew Ladd.
16:49 of 2nd period - Shot Misses the Net.
17:27 of 2nd period - Icing by Roman Hamrlik.
17:28 of 2nd period - Teemu Selanne wins face-off versus Jochen Hecht in Oilers zone.
18:34 of 2nd period - Icing by Jason Demers.
18:35 of 2nd period - Olli Jokinen wins face-off versus Scott Nichol in Avalanche zone.
18:52 of 2nd period - Vinny Prospal is hit by Scott Nichol and loses puck.
18:59 of 2nd period - Shot by Scott Nichol.
18:59 of 2nd period - Goal by Scott Nichol - Avalanche : 0 - Oilers : 2.
19:00 of 2nd period - Derek Roy wins face-off versus Derek Stepan in neutral zone.
19:12 of 2nd period - Derek Stepan is hit by Adam Burish and loses puck.
19:25 of 2nd period - Mike Knuble is hit by Adrian Aucoin and loses puck.
19:36 of 2nd period - Shot by Derek Stepan.
19:36 of 2nd period - Stopped by Kari Lehtonen without a rebound.
19:37 of 2nd period - Daniel Briere wins face-off versus Scott Nichol in Oilers zone.
19:38 of 2nd period - Shot by Teemu Selanne.
19:38 of 2nd period - Shot Misses the Net.
19:40 of 2nd period - Shot by Teemu Selanne.
19:40 of 2nd period - Stopped by Kari Lehtonen without a rebound.
19:41 of 2nd period - Scott Nichol wins face-off versus T.J. Oshie in Oilers zone.
19:48 of 2nd period - Teemu Selanne is hit by Scott Nichol and loses puck.

Period #3

0:01 of 3rd period - Daniel Briere wins face-off versus Derek Roy in neutral zone.
0:18 of 3rd period - Shot by Derek Roy.
0:18 of 3rd period - Stopped by Semyon Varlamov without a rebound.
0:19 of 3rd period - Stephen Weiss wins face-off versus Olli Jokinen in Avalanche zone.
0:20 of 3rd period - Shot by Andrew Ladd.
0:20 of 3rd period - Stopped by Semyon Varlamov with a rebound.
0:37 of 3rd period - Andrew Ladd is hit by John Carlson and loses puck.
0:55 of 3rd period - Andrew Ladd is hit by Jason Demers and loses puck.
1:15 of 3rd period - Icing by Vinny Prospal.
1:16 of 3rd period - Michal Handzus wins face-off versus Vinny Prospal in Avalanche zone.
1:16 of 3rd period - Michal Handzus is hit by Jason Demers.
1:20 of 3rd period - Shot by Steve Sullivan.
1:20 of 3rd period - Stopped by Semyon Varlamov without a rebound.
1:21 of 3rd period - Daniel Briere wins face-off versus Derek Roy in Avalanche zone.
2:04 of 3rd period - Shot by Derek Roy.
2:04 of 3rd period - Shot Misses the Net.
2:42 of 3rd period - Off-side.
2:43 of 3rd period - Todd Marchant wins face-off versus Derek Stepan in neutral zone.
3:08 of 3rd period - Minor Penalty to Adrian Aucoin for Cross-checking.
3:09 of 3rd period - Olli Jokinen wins face-off versus Scott Nichol in Oilers zone.
3:17 of 3rd period - Icing by Mike Knuble.
3:18 of 3rd period - Scott Nichol wins face-off versus Olli Jokinen in Avalanche zone.
3:39 of 3rd period - Icing by John Carlson.
3:40 of 3rd period - Mike Knuble wins face-off versus Michal Handzus in Avalanche zone.
4:47 of 3rd period - Shot by Olli Jokinen.
4:47 of 3rd period - Stopped by Kari Lehtonen without a rebound.
4:48 of 3rd period - Olli Jokinen wins face-off versus Michal Handzus in Oilers zone.
4:51 of 3rd period - Shot by Milan Hejduk.
4:51 of 3rd period - Stopped by Kari Lehtonen without a rebound.
4:52 of 3rd period - Michal Handzus wins face-off versus Olli Jokinen in Oilers zone.
5:02 of 3rd period - Icing by Milan Hejduk.
5:03 of 3rd period - Scott Nichol wins face-off versus Olli Jokinen in Avalanche zone.
5:22 of 3rd period - Shot by Michal Handzus.
5:22 of 3rd period - Stopped by Semyon Varlamov without a rebound.
5:23 of 3rd period - Derek Stepan wins face-off versus Dany Heatley in Avalanche zone.
5:42 of 3rd period - Shot by Mike Knuble.
5:42 of 3rd period - Stopped by Kari Lehtonen with a rebound.
5:44 of 3rd period - Shot by Michael Sauer.
5:44 of 3rd period - Shot Blocked by Roman Hamrlik.
5:48 of 3rd period - Shot by Michael Del Zotto.
5:48 of 3rd period - Stopped by Kari Lehtonen with a rebound.
5:52 of 3rd period - Shot by Mike Knuble.
5:52 of 3rd period - Shot Misses the Net.
6:13 of 3rd period - Andrew Ladd is hit by Kevin Klein and loses puck.
6:49 of 3rd period - Minor Penalty to Tomas Kopecky for Tripping.
6:50 of 3rd period - Derek Roy wins face-off versus Derek Stepan in Avalanche zone.
6:50 of 3rd period - Derek Roy is hit by Michael Sauer.
6:52 of 3rd period - Shot by Roman Hamrlik.
6:52 of 3rd period - Deflect By Dany Heatley.
6:52 of 3rd period - Stopped by Semyon Varlamov without a rebound.
6:53 of 3rd period - Derek Roy wins face-off versus Derek Stepan in Avalanche zone.
7:23 of 3rd period - Dany Heatley is hit by Justin Abdelkader and loses puck.
7:33 of 3rd period - Chris Phillips is hit by Michael Del Zotto and loses puck.
8:09 of 3rd period - Off-side.
8:10 of 3rd period - Stephen Weiss wins face-off versus Derek Stepan in neutral zone.
8:35 of 3rd period - Shot by Stephen Weiss.
8:35 of 3rd period - Stopped by Semyon Varlamov without a rebound.
8:36 of 3rd period - Derek Stepan wins face-off versus Derek Roy in Avalanche zone.
8:49 of 3rd period - Shot by Roman Hamrlik.
8:49 of 3rd period - Shot Misses the Net.
8:53 of 3rd period - Shot by Steve Sullivan.
8:53 of 3rd period - Stopped by Semyon Varlamov without a rebound.
8:54 of 3rd period - Michal Handzus wins face-off versus Olli Jokinen in Avalanche zone.
8:55 of 3rd period - Shot by Fernando Pisani.
8:55 of 3rd period - Shot Misses the Net.
8:58 of 3rd period - Minor Penalty to Vinny Prospal for Hooking.
8:59 of 3rd period - Justin Abdelkader wins face-off versus Stephen Weiss in Avalanche zone.
8:59 of 3rd period - Justin Abdelkader is hit by Todd Marchant.
9:20 of 3rd period - Shot by Stephen Weiss.
9:20 of 3rd period - Stopped by Semyon Varlamov without a rebound.
9:21 of 3rd period - Derek Roy wins face-off versus Derek Stepan in Avalanche zone.
9:22 of 3rd period - Shot by Roman Hamrlik.
9:22 of 3rd period - Shot Misses the Net.
9:24 of 3rd period - Shot by Roman Hamrlik.
9:24 of 3rd period - Stopped by Semyon Varlamov without a rebound.
9:25 of 3rd period - Derek Roy wins face-off versus Justin Abdelkader in Avalanche zone.
10:09 of 3rd period - Icing by Andrew Ladd.
10:10 of 3rd period - Derek Stepan wins face-off versus Stephen Weiss in Oilers zone.
11:07 of 3rd period - Shot by Daniel Briere.
11:07 of 3rd period - Stopped by Kari Lehtonen without a rebound.
11:08 of 3rd period - Michal Handzus wins face-off versus Olli Jokinen in Oilers zone.
11:17 of 3rd period - Shot by Steve Sullivan.
11:17 of 3rd period - Shot Hit the Post.
11:19 of 3rd period - Shot by Michal Handzus.
11:19 of 3rd period - Shot Misses the Net.
11:33 of 3rd period - Shot by Michal Handzus.
11:33 of 3rd period - Stopped by Semyon Varlamov without a rebound.
11:34 of 3rd period - Daniel Briere wins face-off versus Stephen Weiss in Avalanche zone.
11:34 of 3rd period - Daniel Briere is hit by Todd Marchant.
11:37 of 3rd period - Icing by T.J. Oshie.
11:38 of 3rd period - Daniel Briere wins face-off versus Stephen Weiss in Avalanche zone.
11:50 of 3rd period - Shot by Daniel Briere.
11:50 of 3rd period - Shot Blocked by Karlis Skrastins.
11:52 of 3rd period - Shot by Kevin Klein.
11:52 of 3rd period - Shot Misses the Net.
11:54 of 3rd period - Shot by T.J. Oshie.
11:54 of 3rd period - Stopped by Kari Lehtonen with a rebound.
11:58 of 3rd period - Shot by Daniel Briere.
11:58 of 3rd period - Shot Misses the Net.
12:00 of 3rd period - Shot by Teemu Selanne.
12:00 of 3rd period - Shot Misses the Net.
12:04 of 3rd period - Shot by Teemu Selanne.
12:04 of 3rd period - Shot Blocked by Stephen Weiss.
12:06 of 3rd period - Shot by T.J. Oshie.
12:06 of 3rd period - Stopped by Kari Lehtonen with a rebound.
12:08 of 3rd period - Shot by T.J. Oshie.
12:08 of 3rd period - Deflect By Daniel Briere.
12:08 of 3rd period - Stopped by Kari Lehtonen without a rebound.
12:09 of 3rd period - Derek Stepan wins face-off versus Michal Handzus in Oilers zone.
12:10 of 3rd period - Shot by Justin Abdelkader.
12:10 of 3rd period - Stopped by Kari Lehtonen without a rebound.
12:11 of 3rd period - Derek Stepan wins face-off versus Michal Handzus in Oilers zone.
12:36 of 3rd period - Minor Penalty to Justin Abdelkader for Hooking.
12:37 of 3rd period - Derek Roy wins face-off versus Derek Stepan in Avalanche zone.
12:38 of 3rd period - Shot by Dany Heatley.
12:38 of 3rd period - Shot Misses the Net.
12:50 of 3rd period - Mike Knuble is hit by Dany Heatley and loses puck.
13:15 of 3rd period - Shot by Derek Roy.
13:15 of 3rd period - Stopped by Semyon Varlamov without a rebound.
13:16 of 3rd period - Stephen Weiss wins face-off versus Derek Stepan in Avalanche zone.
13:23 of 3rd period - Shot by Adrian Aucoin.
13:23 of 3rd period - Stopped by Semyon Varlamov without a rebound.
13:24 of 3rd period - Stephen Weiss wins face-off versus Teemu Selanne in Avalanche zone.
13:31 of 3rd period - Shot by Andrew Ladd.
13:31 of 3rd period - Shot Misses the Net.
13:35 of 3rd period - Shot by Adrian Aucoin.
13:35 of 3rd period - Deflect By Andrew Ladd.
13:35 of 3rd period - Stopped by Semyon Varlamov without a rebound.
13:36 of 3rd period - Stephen Weiss wins face-off versus Derek Stepan in Avalanche zone.
13:51 of 3rd period - Shot by Karlis Skrastins.
13:51 of 3rd period - Deflect By Stephen Weiss.
13:51 of 3rd period - Shot Misses the Net.
13:53 of 3rd period - Shot by Adrian Aucoin.
13:53 of 3rd period - Stopped by Semyon Varlamov without a rebound.
13:54 of 3rd period - Derek Roy wins face-off versus Teemu Selanne in Avalanche zone.
13:55 of 3rd period - Shot by Roman Hamrlik.
13:55 of 3rd period - Shot Misses the Net.
14:09 of 3rd period - Shot by Roman Hamrlik.
14:09 of 3rd period - Shot Misses the Net.
14:11 of 3rd period - Shot by Chris Phillips.
14:11 of 3rd period - Stopped by Semyon Varlamov without a rebound.
14:12 of 3rd period - Stephen Weiss wins face-off versus Derek Stepan in Avalanche zone.
14:43 of 3rd period - Minor Penalty to Scott Hannan for Roughing.
14:44 of 3rd period - Scott Nichol wins face-off versus Daniel Briere in Oilers zone.
15:41 of 3rd period - Shot by Mike Knuble.
15:41 of 3rd period - Stopped by Kari Lehtonen without a rebound.
15:42 of 3rd period - Scott Nichol wins face-off versus Olli Jokinen in Oilers zone.
16:14 of 3rd period - Milan Hejduk is hit by Roman Hamrlik and loses puck.
16:31 of 3rd period - Karlis Skrastins is hit by T.J. Oshie and loses puck.
16:36 of 3rd period - Shot by Kevin Shattenkirk.
16:36 of 3rd period - Shot Blocked by Karlis Skrastins.
16:38 of 3rd period - Shot by Kevin Shattenkirk.
16:38 of 3rd period - Shot Misses the Net.
16:40 of 3rd period - Shot by Kevin Shattenkirk.
16:40 of 3rd period - Stopped by Kari Lehtonen without a rebound.
16:41 of 3rd period - Scott Nichol wins face-off versus Olli Jokinen in Oilers zone.
16:54 of 3rd period - Scott Hannan is hit by Vinny Prospal and loses puck.
17:23 of 3rd period - Daniel Briere is hit by Stephen Weiss.
17:59 of 3rd period - Icing by Dany Heatley.
18:00 of 3rd period - Derek Stepan wins face-off versus Dany Heatley in Oilers zone.
18:21 of 3rd period - Shot by Vinny Prospal.
18:21 of 3rd period - Shot Misses the Net.
18:23 of 3rd period - Shot by Vinny Prospal.
18:23 of 3rd period - Stopped by Kari Lehtonen without a rebound.
18:24 of 3rd period - Stephen Weiss wins face-off versus Olli Jokinen in Oilers zone.
18:45 of 3rd period - Shot by Olli Jokinen.
18:45 of 3rd period - Stopped by Kari Lehtonen without a rebound.
18:46 of 3rd period - Daniel Briere wins face-off versus Derek Roy in Oilers zone.
18:52 of 3rd period - Minor Penalty to Chris Phillips for High sticking.
18:53 of 3rd period - Scott Nichol wins face-off versus Olli Jokinen in Oilers zone.
18:59 of 3rd period - Minor Penalty to Olli Jokinen for Holding.
19:00 of 3rd period - Daniel Briere wins face-off versus Derek Roy in Avalanche zone.
19:02 of 3rd period - Icing by Teemu Selanne.
19:03 of 3rd period - Derek Roy wins face-off versus Teemu Selanne in Avalanche zone.
19:11 of 3rd period - Shot by Derek Roy.
19:11 of 3rd period - Stopped by Semyon Varlamov without a rebound.
19:12 of 3rd period - Stephen Weiss wins face-off versus Milan Hejduk in Avalanche zone.


Output by the SimonT Hockey Simulator (STHS) for Stephane Roy -- Original Page W3C XHTML 1.0 Valid